 Dungeon Crawl Stone Soup version 0.21-a0-338-g36cf2fc (webtiles) character file.

9 Hasart the Caller (level 2, 0/15 HPs)
             Began as a Kobold Summoner on Oct 3, 2017.
             Slain by a bat (1 damage)
             ... on level 1 of the Dungeon.
             The game lasted 00:01:23 (228 turns).

Hasart the Caller (Kobold Summoner)                  Turns: 228, Time: 00:01:25

Health: 0/15       AC:  2    Str:  5    XL:     2   Next: 25%
Magic:  1/5        EV: 15    Int: 16    God:
Gold:   18         SH:  0    Dex: 15    Spells: 4/5 levels left

rFire    . . .     SeeInvis .   d - +1 dagger (venom)
rCold    . . .     Gourm    .   (shield restricted)
rNeg     . . .     Faith    .   a - +0 robe
rPois    .         Spirit   .   (no helmet)
rElec    .         Reflect  .   (no cloak)
rCorr    .         Harm     .   (no gloves)
MR       .....                  (no boots)
Stlth    ++........             (no amulet)
HPRegen  0.05/turn              (no ring)
MPRegen  0.09/turn              (no ring)

@: no status effects
A: carnivore 3
a: no special abilities


You were on level 1 of the Dungeon.
You were not hungry.

You visited 1 branch of the dungeon, and saw 1 of its levels.

You collected 18 gold pieces.

Inventory:

Hand Weapons
 d - a +1 dagger of venom (weapon)
Armour
 a - a +0 robe (worn)
Scrolls
 e - a scroll of random uselessness {unknown}
Books
 b - a book of Callings

   Spells                             Type                      Level
   a - Summon Small Mammal            Summoning                    1
   b - Call Imp                       Summoning                    2
   c - Call Canine Familiar           Summoning                    3
   d - Summon Guardian Golem          Hexes/Summoning              3
   e - Summon Lightning Spire         Summoning/Air                4
   f - Summon Ice Beast               Ice/Summoning                4
Comestibles
 c - a meat ration


   Skills:
 - Level 2.4 Dodging
 - Level 2.6 Stealth
 - Level 2.1 Spellcasting
 + Level 4.5 Summonings


You had 4 spell levels left.
You knew the following spells:

 Your Spells              Type           Power        Failure   Level  Hunger
c - Summon Small Mammal   Summ           ###.         3%          1    #......


Dungeon Overview and Level Annotations

Branches:
Dungeon (1/15)

Altars:


Innate Abilities, Weirdness & Mutations

You are small and have problems with some larger weapons.
You are carnivorous and can eat meat at any time.


Message History

Your bat misses the goblin. The goblin barely misses your bat.
Your bat barely misses the bat.
The bat hits your bat.
Your bat closely misses the bat.
The goblin misses your quokka.
The bat hits your quokka but does no damage. x2
Your quokka barely misses the goblin.
The bat closely misses your quokka.
The goblin hits your quokka with a club.
Your quokka dies!
Your quokka's corpse disappears in a puff of smoke!
Your bat hits the bat. The bat closely misses your bat.
Your bat barely misses the bat.
The bat misses you.
You closely miss the bat. The bat hits you but does no damage.
Your bat barely misses the bat.
You swap places.
The bat closely misses you.
Your bat misses the bat. The goblin hits you with a club.
* * * LOW HITPOINT WARNING * * *
You swap places.
The bat hits you but does no damage.
Your bat hits the bat but does no damage.
The bat barely misses you.
Your bat hits the bat.
Your bat closely misses the bat.
The bat hits you.
You die...

.##.##.#..####.###
......#...# #.#.# #
#..###...###...#
#.#.##..###.....###.### #
#.#...........#.###....
..#.#.##..#.#...#...#.###
.............#####...# .
#......##.#...#...###
#..###.##@##.###.#.###
.........b##.# #...#
..###..g....# ##### .
###.....## .. #.....b.#
...# #.#..(..#
#...##)#.....#
#.......#### ##...####


You could see a goblin, a bat and a friendly bat.

Vanquished Creatures
  An ooze (D:1)
  A ball python (D:1)
  A hobgoblin (D:1)
3 creatures vanquished.

Vanquished Creatures (collateral kills)
  A goblin (D:1)
  2 kobolds (D:1)
3 creatures vanquished.

Grand Total: 6 creatures vanquished

Notes
Turn   | Place    | Note
-------+----------+-------------------------------------------
     0 | D:1      | Hasart the Kobold Summoner began the quest for the Orb.
     0 | D:1      | Reached XP level 1. HP: 10/10 MP: 3/3
   212 | D:1      | Reached XP level 2. HP: 5/15 MP: 3/5
   228 | D:1      | Slain by a bat

Vault maps used:
D:1:      lightli_arrival_statue_moat, minmay_heptomino_w4

Action                   || total
-------------------------++-------
Melee: Dagger            ||    19
 Cast: Summon Small Mamm ||     9
Armor: Robe              ||     7
Dodge: Dodged            ||    23

Table legend:
 A = Spawn XP
 B = Non-spawn XP
 C = Spawn XP percentage of total XP
 D = Spawn monster count
 E = Non-spawn monster count
 F = Spawn count percentage of total count
 G = Total turns spent on level
                    A         B        C        D         E        F      G
               +---------+---------+-------+---------+---------+-------+---------
         Total |       0 |      14 |   0.0 |       0 |       6 |   0.0 |   228
               +---------+---------+-------+---------+---------+-------+---------
           D:1 |       0 |      14 |   0.0 |       0 |       6 |   0.0 |   228
               +---------+---------+-------+---------+---------+-------+---------
